 Dungeon Crawl Stone Soup version 0.29-a0-284-gf9362112df (webtiles) character file.

Game seed: 13976522860791097051

139 Warped the Ducker (level 5, -2/27 HPs)
             Began as a Spriggan Fighter on Mar 22, 2022.
             Killed by divine providence
             ... invoked by an orc priest
              (11 damage)
             ... on level 3 of the Dungeon.
             The game lasted 00:06:39 (4013 turns).

Warped the Ducker (Spriggan Fighter)                Turns: 4013, Time: 00:06:39

Health: -2/27      AC:  2    Str: 13 (14) XL:     5   Next: 1%
Magic:  8/8        EV: 16    Int: 10      God:
Gold:   152        SH:  6    Dex: 13 (14) Spells: 4/6 levels left

rFire   + . .      SeeInvis +   h - +2 dagger (speed)
rCold   + . .      Faith    .   c - +0 buckler
rNeg    . . .      Spirit   .   b - +0 robe
rPois   .          Reflect  .   (helmet restricted)
rElec   .          Harm     .   (no cloak)
rCorr   .          Rampage  .   (gloves unavailable)
Will    +....                   (boots unavailable)
Stlth   ++........              (no amulet)
HPRegen 0.09/turn               l - ring of protection from fire
MPRegen 0.11/turn               e - ring of protection from cold

@: very quick
A: very small, no large weapons, unfitting armour, see invisible, speed 3,
hooves 1, strong-willed 1
a: no special abilities


You were on level 3 of the Dungeon.
You visited 1 branch of the dungeon, and saw 3 of its levels.

You collected 152 gold pieces.

Inventory:

Hand Weapons
 a - a +0 rapier of freezing
 d - a +1 short sword of holy wrath
 h - a +2 dagger of speed (weapon)
Missiles
 g - 106 stones (quivered)
Armour
 b - a +0 robe (worn)
 c - a +0 buckler (worn)
Jewellery
 e - a ring of protection from cold (right hand)
 f - a ring of ice
 l - a ring of protection from fire (left hand)
Scrolls
 i - a scroll of identify
 n - a scroll of fog
Potions
 j - a potion of mutation
 k - a potion of haste {unknown}


   Skills:
 - Level 2.4 Fighting
 + Level 3.5 Short Blades
 - Level 4.0 Dodging
 + Level 3.7 Stealth
 + Level 2.9 Shields
 + Level 1.4 Spellcasting
 + Level 1.7 Translocations


You had 4 spell levels left.
You knew the following spells:

 Your Spells              Type           Power      Damage    Failure   Level
a - Blink                 Tloc           8%         N/A       45%         2

Your spell library contained the following spells:

 Spells                   Type           Power      Damage    Failure   Level
 Ensorcelled Hibernation  Hex/Ice        0%         N/A       71%         2
 Passwall                 Tmut/Erth      0%         N/A       71%         2
 Swiftness                Air            0%         N/A       90%         3
 Manifold Assault         Tloc           4%         N/A       100%        5
 Storm Form               Tmut/Air       0%         N/A       100%        7


Dungeon Overview and Level Annotations

Branches:
Dungeon (3/15)

Altars:

Annotations:
D:2 Sigmund, Terence


Innate Abilities, Weirdness & Mutations

You are very small and have problems with some larger weapons.
You are too small for most types of armour.
You have supernaturally acute eyesight. (SInv)
You cover ground extremely quickly. (Speed+++)
You have large cloven feet.
You are strong-willed. (Will+)


Message History

You see here a frilled lizard corpse.
g - 106 stones (gained 25)
You open the door.
There is an open door here.
An orc priest is nearby!
No target in view!
No target in view!
No target in view!
No target in view!
No target in view!
No target in view!
No target in view!
No target in view!
No target in view!
No target in view!
No target in view!
No target in view!
No target in view!
No target in view!
No target in view!
You closely miss the orc priest.
The orc priest shouts! x2; The orc shouts!
You kick the orc priest, but do no damage.
The orc priest hits you with a +0 mace.
You hit the orc priest but do no damage.
Your kick misses the orc priest. You block the orc priest's attack.
The orc priest miscasts a cantrip.
You hit the orc priest but do no damage.
You kick the orc priest, but do no damage.
You hit the orc priest but do no damage.
You block the orc priest's attack.
The orc priest calls down the wrath of Beogh upon you.
Beogh smites you!
You are too injured to fight recklessly!
You are too injured to fight recklessly!
You are too injured to fight recklessly!
Unknown command.
The orc priest calls down the wrath of Beogh upon you.
Beogh smites you!
You die...

..'..............................
..####...####.#...#######........
.## #..## #.#..###.⌠$###.#.....
## #.######.#..##.....##.##.... #
#.....##.#..#.......#.###...
#.###.##.#..#.......#.# ##+#
#.###.##.##.#.......#.# #.#
#........##.#.......#.####.#
#####.#####@#.......#....#.#
##########.# #.#.......#.##....
...........# #.#.......#.##....
#.########## #.ooo....÷..##.†..
#.# #.##.....#....o... #.#
#..............#.# #.#
################.# #.# #.# ..# ##
#.#


You could see an orc priest.

Vanquished Creatures
  7 adders
  6 dart slugs
  3 orcs (D:3)
  8 ball pythons
  2 bats (D:2)
  3 endoplasms
  9 goblins
  4 hobgoblins
  4 jackals (D:2)
  3 kobolds
  2 quokkas
  5 frilled lizards
  7 rats
63 creatures vanquished.

Notes
Turn   | Place    | Note
-------+----------+-------------------------------------------
     0 | D:1      | Warped the Spriggan Fighter began the quest for the Orb.
     0 | D:1      | Reached XP level 1. HP: 11/11 MP: 2/2
    85 | D:1      | Reached skill level 1 in Stealth
   414 | D:1      | Reached XP level 2. HP: 14/16 MP: 3/3
  1007 | D:2      | Found a faded altar of an unknown god.
  1028 | D:2      | Reached XP level 3. HP: 8/19 MP: 4/4
  1064 | D:2      | Learned a level 2 spell: Blink
  1324 | D:2      | Noticed Terence
  1329 | D:2      | Gained mutation: You have large cloven feet. [potion of
                  | mutation]
  1329 | D:2      | Gained mutation: You are strong-willed. (Will+) [potion of
                  | mutation]
  1602 | D:2      | Noticed Sigmund
  2241 | D:2      | Reached XP level 4. HP: 9/23 MP: 5/5
  2458 | D:2      | Reached skill level 1 in Translocations
  2509 | D:2      | Reached skill level 1 in Spellcasting
  3891 | D:3      | Reached XP level 5. HP: 27/27 MP: 8/8
  4013 | D:3      | Killed from afar by an orc priest

Illustrated notes

Levels and vault maps discovered:
D:1:      dpeg_arrival_ternary, layout_basic
D:2:      layout_loops_cross, nicolae_ecumenical_snake_handling,
          minmay_quadrilaterals, uniq_terence, uniq_sigmund
D:3:      cheibrodos_pilgrimage, layout_loops_corners, minmay_misc_feat_rows

Skill      XL: |  1  2  3  4 |
---------------+-------------+-----
Stealth        | 1 2 3 |  3.7
Short Blades   | 3 |  3.5
Translocations | 1 |  1.7
Spellcasting   | 1 |  1.4
Fighting       | |  2.4
Dodging        | |  4.0
Shields        | |  2.9

Action                   |  1- 3 |  4- 6 || total
-------------------------+-------+-------++-------
Melee: Rapier            |   133 |    28 ||   161
       Kick              |     7 |    21 ||    28
       Dagger            |       |    35 ||    35
Throw: Stone             |     2 |       ||     2
  Use: Potion            |     8 |       ||     8
       Scroll            |     2 |     2 ||     4
 Stab: Sleeping          |     1 |     8 ||     9
Armor: Robe              |    12 |     4 ||    16
       Skin              |    21 |       ||    21
Dodge: Dodged            |    77 |    28 ||   105
Block: Buckler           |    44 |    14 ||    58

Table legend: (Time is in decaauts)
 A = Elapsed time spent in this place.
 B = Non-inter-level travel time spent in this place.
 C = Inter-level travel time spent in this place.
 D = Time resting spent in this place.
 E = Time spent auto-exploring this place.
 F = Levels seen in this place.
 G = Mean time per level.
                   A        B        C        D        E       F      G
               +--------+--------+--------+--------+--------+-----+--------+
         Total |   3133 |   2898 |    235 |   1297 |   1101 |   3 | 1044.3 |
       Dungeon |   3133 |   2898 |    235 |   1297 |   1101 |   3 | 1044.3 |
               +--------+--------+--------+--------+--------+-----+--------+

Top non-repeatable levels by time:
     D:2: 1501 daAuts
     D:1: 1174 daAuts
     D:3: 457 daAuts
